 Dungeon Crawl Stone Soup version 0.29.1-15-g9cfb28693d (webtiles) character file.

Game seed: 4129503514589305193

1666487 raph the Slayer (level 27, 281/281 (298) HPs)
             Began as a Hill Orc Berserker on Apr 9, 2023.
             Was a High Priest of Trog.
             Escaped with the Orb
             ... and 3 runes on Apr 10, 2023!
             The game lasted 02:01:37 (70718 turns).

raph the Slayer (Hill Orc Berserker)               Turns: 70718, Time: 02:01:38

HP:   281/281 (298) AC: 41    Str: 28    XL:     27
MP:   7/7           EV: 23    Int:  7    God:    Trog [*****.]
Gold: 5055          SH: 22    Dex: 20    Spells: 26/26 levels left

rFire   + + +      SeeInvis +   a - +12 broad axe of the Hurtling Seeker {antimagic, rF+ rCorr}
rCold   . . .      Faith    .   I - +5 kite shield "Xuifo" {rElec rPois rC+ Will+ Regen+}
rNeg    . . .      Spirit   .   G - +8 fire dragon scales
rPois   +          Reflect  .   W - +2 helmet {SInv}
rElec   +          Harm     .   w - +4 dragonskin cloak
rCorr   +          Rampage  +   g - +2 pair of gloves {hurl}
Will    ++++.                   p - +2 pair of boots {rampage}
Stlth   ..........              Z - amulet of Qyledog {+Blink Will+ Regen+}
HPRegen 2.16/turn               Y - ring of Finality {+Blink rPois rCorr Str+4}
MPRegen 0.10/turn               z - +4 ring of slaying

@: studying Staves, drained
A: robust 1
0: Orb of Zot
}: 3/15 runes: decaying, silver, gossamer
a: Renounce Religion, Evoke Blink, Berserk, Trog's Hand, Brothers in Arms


You escaped.
You worshipped Trog.
Trog was extremely pleased with you.
You visited 9 branches of the dungeon, and saw 47 of its levels.
You also visited: Sewer, Ossuary, Gauntlet and Wizlab.

You collected 9273 gold pieces.
You spent 4218 gold pieces at shops.

Inventory:

Hand Weapons
 a - the +12 broad axe of the Hurtling Seeker (weapon) {antimagic, rF+ rCorr}
   (You acquired it on level 3 of the Lair of Beasts)

   It reduces the magical energy of the wielder, and disrupts the spells and
   magical abilities of those it strikes.
   Natural abilities and divine invocations are not affected.
   rF:        It protects you from fire.
   rCorr:     It protects you from acid and corrosion.
 b - the +7 war axe of Disaster {antimagic, *Noise rC+++ rN+++}
   (Trog gifted it to you on level 1 of the Swamp)

   It reduces the magical energy of the wielder, and disrupts the spells and
   magical abilities of those it strikes.
   Natural abilities and divine invocations are not affected.
   rC:        It renders you almost immune to cold.
   rN:        It renders you almost immune to negative energy.
   *Noise:    It may make noises in combat.
 M - a +8 broad axe of flaming
Missiles
 c - 23 javelins
 f - a throwing net
 s - 17 curare-tipped darts
 C - 5 silver javelins (quivered)
 V - 9 boomerangs
Armour
 g - a +2 pair of gloves of hurling (worn)
 p - a +2 pair of boots of rampaging (worn)
 w - the +4 dragonskin cloak (worn)
   (You took it off Tiamat on level 2 of the Realm of Zot)

   It grants the wearer a chance to resist fire, cold, poison, electricity,
   acid, and negative energy.
 x - the +0 cloak of Zezitum {rC++}
   (You found it on level 5 of the Vaults)

   rC:        It greatly protects you from cold.
 G - +8 fire dragon scales (worn)
 I - the +5 kite shield "Xuifo" (worn) {rElec rPois rC+ Will+ Regen+}
   (You took it off Asterion on level 1 of the Spider Nest)

   rC:        It protects you from cold.
   rElec:     It insulates you from electricity.
   rPois:     It protects you from poison.
   Regen:     It increases your rate of health regeneration.
   Will:      It increases your willpower.
 W - a +2 helmet of see invisible (worn)
Jewellery
 q - an amulet of faith
 z - a +4 ring of slaying (right hand)
 E - the ring "Higuas" {rC+ MP+9 Slay+2}
   (You took it off a deep elf pyromancer on level 3 of the Elven Halls)

   [ring of protection from cold]

   Slay:      It affects your accuracy & damage with ranged weapons and melee
   (+2).
   rC:        It protects you from cold.
   MP:        It affects your magic capacity (+9).
 Y - the ring of Finality (left hand) {+Blink rPois rCorr Str+4}
   (You found it in a Gauntlet)

   [ring of poison resistance]

   Str:       It affects your strength (+4).
   rPois:     It protects you from poison.
   +Blink:    It lets you blink.
   rCorr:     It protects you from acid and corrosion.
 Z - the amulet of Qyledog (around neck) {+Blink Will+ Regen+}
   (You took it off a minotaur in a Gauntlet)

   [amulet of regeneration]

   +Blink:    It lets you blink.
   Regen:     It increases your rate of health regeneration.
   Will:      It increases your willpower.
Wands
 h - a wand of flame (60)
 N - a wand of digging (7)
 P - a wand of charming (40)
 Q - a wand of acid (50)
 R - a wand of mindburst (36)
 S - a wand of roots (56)
Scrolls
 j - 6 scrolls of fear
 r - 9 scrolls of blinking
 u - 24 scrolls of teleportation
 v - 12 scrolls of poison
 D - a scroll of magic mapping
 H - 4 scrolls of silence
 X - 6 scrolls of fog
Potions
 d - 5 potions of mutation
 k - 11 potions of flight
 m - 20 potions of curing
 n - 15 potions of heal wounds
 o - 9 potions of ambrosia
 t - 8 potions of invisibility
 F - 8 potions of cancellation
 J - 3 potions of might
 K - 6 potions of resistance
 L - 2 potions of haste
 O - 2 potions of berserk rage
Miscellaneous
 e - a box of beasts
 i - a phial of floods
 l - a phantom mirror
 y - a condenser vane
 B - a lightning rod (4/4)


   Skills:
 * Level 26.7 Fighting
 - Level 20.0 Axes
 + Level 16.6 Throwing
 + Level 21.2 Armour
 + Level 19.0 Dodging
 + Level 22.0 Shields
 + Level 18.6 Evocations


You had 26 spell levels left.
You didn't know any spells.
Your spell library was empty.

Dungeon Overview and Level Annotations

Branches:
Dungeon (15/15)            Temple (0/1) D:5            Lair (5/5) D:11
  Swamp (4/4) Lair:2       Spider (4/4) Lair:3        Slime (0/5) Lair:4
    Orc (2/2) D:9             Elf (3/3) Orc:2        Vaults (5/5) D:14
  Crypt (0/3) Vaults:3     Depths (4/4) D:15            Zot (5/5) Depths:4
  Sewer (visited)         Ossuary (visited)          WizLab (visited)
Gauntlet (visited)

Altars:
Ashenzari
Dithmenos
Fedhas
Hepliaklqana
Kikubaaqudgha
Okawaru
Sif Muna
Trog
Uskayaw
Vehumet
Xom
Yredelemnul
Zin
Beogh
Jiyva

Shops:
D:4 [   Orc:2 ([*=   Vaults:1 [   Vaults:2 ?*(:   Depths:1 (?(

Portals:
Hell: Depths:1 Depths:2 Depths:3 Depths:4
Abyss: Depths:1 Depths:3
Pandemonium: Depths:2
Ziggurat: Depths:2

Annotations:
Lair:4 exclusion: 2 oklob plants
Lair:5 exclusion: oklob plant
Spider:2 2 transporters, exclusion: orange crystal statue
Depths:3 Boris
Zot:4 2 transporters, Iraujus's ghost, legendary DsFi


Innate Abilities, Weirdness & Mutations

You are robust. (+10% HP)


Message History

You start resting.
HP restored.
You climb upwards.
There is a stone staircase leading down here.
Things that are here:
a +0 robe; a +3 dagger
Things that are here:
a +0 robe; a +2 mace
There is an escape hatch in the ceiling here.
A mysterious force pulls you upwards. The hatch slams shut behind you.
There is a stone staircase leading up here.
You climb upwards.
There is a stone staircase leading down here.
You feel yourself speed up.
There is a stone staircase leading up here.
You climb upwards.
There is a stone staircase leading down here.
There is an escape hatch in the ceiling here.
A mysterious force pulls you upwards. The hatch slams shut behind you.
There is a stone staircase leading up here.
You climb upwards.
There is a stone staircase leading down here.
You can't go up here!
There is an escape hatch in the ceiling here.
A mysterious force pulls you upwards. The hatch slams shut behind you.
There is a stone staircase leading up here.
You climb upwards.
There is a stone staircase leading down here.
Your extra speed is starting to run out.
There is a stone staircase leading up here.
You climb upwards.
There is a stone staircase leading down here.
You feel yourself slow down.
Aiming: Dig
Press: ? - help, Shift-Dir - straight line A rock wall.
This square is covered in magical glow.
The rock shatters into small pieces.
There is a staircase leading out of the dungeon here.
You have escaped!

..[##.##.....## ##..#
#.##.# ......###...##
#..#####.##.# ##.####
##'## #........##.# #.#
#.# #.#########.. #.#
#.# #.# ### #.#
##.###### #.# #
##.######.......# #.# #
#.#..........#.### #.#
#
.###.####.##.###@######
# ##
##.....#...........# #
##.##..+####'####+# ##
##.###........# #..#
.###.###...##.#### #.##
#.#........#### #.#
##)###.###.#
#####.##### ......##
#.# #.........# ....#.#
#.# #.#######.#


There were no monsters in sight!

Vanquished Creatures
  Tiamat (Zot:2)
  2 dread liches (Zot:5)
  3 orbs of fire (Zot:5)
  2 ancient liches (Zot:5)
  A juggernaut (Depths:3)
  Boris (twice) (Vaults:2 Vaults:5)
  the Lernaean hydra (Swamp:4)
  5 Killer Klowns (Zot:5)
  Margery (Vaults:3)
  3 curse toes
  18 golden dragons
  the Enchantress (Depths:4)
  Nikola (Swamp:3)
  3 bone dragons
  2 electric golems (Zot:5)
  A Hell Sentinel (Depths:4)
  Jorgrun (Orc:2)
  23 tentacled monstrosities
  24 Orb Guardians (Zot:5)
  3 liches
  A walking crystal tome (Depths:3)
  Rupert (D:15)
  3 deep elf blademasters
  2 deep elf master archers (Elf:3)
  4 titans
  13 quicksilver dragons
  An Executioner (Zot:5)
  4 sphinxes
  10 shadow dragons
  2 death cobs
  The ghost of Zidoge the Brawler, an adept TrMo of Nemelex Xobeh (Depths:4)
  Kirke (D:14)
  13 storm dragons
  A thorn hunter (Swamp:1)
  6 tengu reavers
  10 draconian monks
  11 draconian knights
  8 fire giants
  2 frost giants
  11 deep elf sorcerers
  5 iron dragons
  3 draconian stormcallers
  6 emperor scorpions
  8 ghost moths
  25 vault wardens
  Louise (Swamp:3)
  2 orc warlords
  4 draconian scorchers
  27 ironbound preservers
  7 draconian shifters
  5 deep elf elementalists (Elf:3)
  4 spriggan defenders
  A war gargoyle (Vaults:5)
  11 ironbound thunderhulks
  3 broodmothers
  5 draconian annihilators
  13 stone giants
  2 vampire knights (Depths:4)
  28 very ugly things
  8 green draconians
  7 deep elf annihilators
  8 deep elf demonologists (Elf:3)
  5 black draconians
  10 entropy weavers
  Nessos (Lair:5)
  14 yellow draconians
  5 dire elephants
  7 bunyips
  25 purple draconians
  6 red draconians
  A minotaur (Gauntlet)
  7 spark wasps
  10 white draconians
  5 deep elf death magi
  6 eleionomae
  A blizzard demon (Depths:3)
  3 jiangshi (Depths:3)
  14 ettins
  A crystal guardian (Vaults:2)
  12 fire dragons
  11 deep elf high priests
  23 hydras
  6 rakshasas
  28 vault guards
  Josephine (D:14)
  18 yaktaur captains
  A great orb of eyes (shapeshifter) (Vaults:5)
  9 great orbs of eyes
  2 jorogumos
  A salamander tyrant (D:15)
  A hell beast (Depths:3)
  Erolcha (Orc:2)
  4 death knights
  2 catoblepae
  4 peacekeepers
  7 ogre magi
  12 ice dragons
  6 spriggan air magi
  5 ghost crabs
  A merfolk avatar (Lair:5)
  6 boulder beetles
  An anaconda (shapeshifter) (Vaults:5)
  10 two-headed ogres
  3 radroaches
  19 centaur warriors
  A hell hog (Depths:3)
  9 alligators
  2 death yaks (D:11)
  10 ironbound frosthearts
  7 tengu warriors
  34 dancing weapons
  6 deep troll earth magi
  9 deep troll shamans
  2 vampire magi (Depths:3)
  Urug (D:10)
  2 orc high priests
  A two-headed ogre (shapeshifter) (Depths:3)
  A soul eater (Depths:3)
  27 deep elf knights
  7 spriggan berserkers
  Nergalle (Orc:2)
  13 hell knights
  A skeletal warrior (D:13)
  3 spriggan druids
  6 iron trolls
  2 goliath frogs
  A salamander mystic (D:15)
  A sun moth (Spider:3)
  51 deep trolls
  A pharaoh ant (Spider:3)
  A steelbarb worm (Spider:1)
  4 death drakes
  A swamp dragon (shapeshifter) (Depths:3)
  12 bog bodies
  8 orb spiders
  18 wizards
  3 glowing orange brains
  7 necromancers
  12 deep elf archers
  21 ironbound convokers
  10 swamp dragons
  15 lindwurms
  5 flayed ghosts
  2 harpies
  45 deep elf pyromancers
  4 mana vipers (WizLab)
  A mana viper (shapeshifter) (Vaults:5)
  5 phantasmal warriors
  9 orc knights
  31 deep elf zephyrmancers
  23 wolf spiders
  5 large abominations (Depths:1)
  2 wolf spider zombies (D:15)
  42 ugly things
  3 will-o-the-wisps
  3 orc sorcerers
  5 manticores
  17 cyclopes
  A salamander (shapeshifter) (D:14)
  A shining eye (shapeshifter) (Vaults:5)
  Joseph (D:10)
  30 moths of wrath
  4 salamanders (D:15)
  21 vault sentinels
  11 elephants
  5 black mambas
  An eye of devastation (shapeshifter) (Vaults:5)
  5 naga magi
  A molten gargoyle (Depths:1)
  A torpor snail (Spider:3)
  10 cane toads
  A centaur zombie (Gauntlet)
  A gargoyle (D:12)
  6 demonic crawlers
  2 efreet (D:14)
  12 rime drakes
  A kobold demonologist (D:11)
  An unseen horror (D:12)
  38 yaktaurs
  5 freezing wraiths
  A tormentor (D:10)
  A spectral redback (Gauntlet)
  11 komodo dragons
  An ice devil (D:10)
  A komodo dragon (shapeshifter) (Elf:2)
  9 tengu conjurers
  12 meliai
  2 bloated husks (Swamp:2)
  14 hornets
  4 polar bears
  10 trolls
  13 tyrant leeches
  A wind drake (Lair:5)
  25 tarantellas
  29 blink frogs
  52 slime creatures
  A slime creature (shapeshifter) (Depths:3)
  A raiju (Swamp:3)
  20 jumping spiders
  4 shadows
  7 wyverns
  13 spriggans
  2 air elementals (Elf:1)
  3 snapping turtles (Lair:5)
  2 water elementals
  2 centaur simulacra (Gauntlet)
  7 wraiths
  5 basilisks
  3 hogs (D:14)
  10 culicivoras
  2 fire elementals
  A golden eye (shapeshifter) (Elf:3)
  3 steam dragons
  41 yaks
  4 fire bats (D:8)
  41 redbacks
  28 vampire mosquitoes
  7 small abominations (Depths:1)
  A harpy simulacrum (Gauntlet)
  4 wargs
  15 swamp worms
  8 acid dragons
  11 water moccasins
  3 hell hounds
  A meliai simulacrum (D:15)
  3 sky beasts
  9 swamp drakes
  35 orc warriors
  3 black bears
  2 ice beasts
  A black bear (shapeshifter) (D:14)
  10 ogres
  18 wolves
  5 boggarts
  A wolf (shapeshifter) (Vaults:5)
  4 centaurs
  A phantom (D:5)
  9 bullfrogs
  9 kobold brigands
  2 necrophages
  2 earth elementals
  2 scorpions
  8 wights (D:9)
  8 howler monkeys
  4 electric eels
  4 jellies
  24 orc priests
  2 hounds
  2 gnoll boudas
  3 iguanas
  35 orc wizards
  A boggart zombie (D:15)
  5 hell rats (D:15)
  8 mummies (Ossuary)
  8 gnolls
  10 adders
  A river rat (Sewer)
  3 shadow imps (D:5)
  2 white imps
  An ufetubus (D:5)
  11 worms
  5 dart slugs
  101 orcs
  11 ball pythons
  8 endoplasms
  5 giant cockroaches
  2 gnoll zombies (Ossuary)
  8 hobgoblins
  17 kobolds
  6 quokkas
  7 bats
  2 frilled lizards (D:2)
  8 goblins
  4 hobgoblin zombies (Ossuary)
  2 orc zombies (Ossuary)
  A rat (shapeshifter) (Vaults:5)
  15 rats
  6 briar patches (Swamp:1)
2273 creatures vanquished.

Vanquished Creatures (collateral kills)
  A Head Instructor (WizLab)
  Bai Suzhen (Swamp:4)
  A Killer Klown (Zot:5)
  A bone dragon (Zot:2)
  Asterion (Spider:1)
  An Orb Guardian (Zot:5)
  A sphinx (Vaults:4)
  A fire giant (Depths:4)
  A vault warden (Vaults:4)
  A draconian scorcher (Zot:5)
  2 ironbound thunderhulks (Vaults:3)
  A draconian annihilator (Zot:5)
  A deep elf demonologist (Vaults:3)
  2 purple draconians (Zot:5)
  8 vault guards (Vaults:5)
  2 fire dragons (Zot:2)
  5 death yaks (D:11)
  2 dancing weapons (Elf:2)
  A sea snake (Lair:5)
  A deep elf archer (Elf:2)
  2 deep elf pyromancers (Elf:2)
  2 deep elf zephyrmancers (Elf:2)
  A komodo dragon (Lair:5)
  A jumping spider (Spider:1)
  A basilisk (Lair:5)
  2 orcs (D:5)
44 creatures vanquished.

Vanquished Creatures (others)
  2 golden dragons (Zot:2)
  A deep elf elementalist (Elf:3)
  A deep elf knight (Elf:3)
  A goliath frog (Swamp:4)
  A shadow wraith (D:14)
  A swamp dragon (Swamp:4)
  A deep elf zephyrmancer (Elf:1)
  A moth of wrath (Zot:5)
  3 bloated husks
  2 swamp worms
  A boggart (Depths:4)
  An orc priest (Orc:2)
  An orc wizard (Orc:1)
  14 foxfires
  33 fungi
  50 plants
114 creatures vanquished.

Grand Total: 2431 creatures vanquished

Notes
Turn   | Place    | Note
-------+----------+-------------------------------------------
     0 | D:1      | raph the Hill Orc Berserker began the quest for the Orb.
     0 | D:1      | Reached XP level 1. HP: 19/19 MP: 1/1
   419 | D:1      | Found a faded altar of an unknown god.
   671 | D:1      | Reached XP level 2. HP: 26/26 MP: 2/2
   783 | D:1      | Reached skill level 5 in Axes
  1442 | D:2      | Reached XP level 3. HP: 16/31 MP: 3/3
  2197 | D:2      | Reached XP level 4. HP: 39/39 MP: 4/4
  2764 | D:2      | Identified the +2 leather armour of the Good {+Blink rElec
                  | SInv}
  3572 | D:3      | Reached XP level 5. HP: 42/45 MP: 5/5
  3624 | D:3      | Reached ** piety under Trog
  4054 | D:3      | Found a glowing drain.
  4079 | Sewer    | Entered a sewer
  4275 | Sewer    | Noticed a kobold brigand
  4295 | Sewer    | Killed a kobold brigand
  4393 | Sewer    | Noticed a kobold brigand
  4400 | Sewer    | Killed a kobold brigand
  4401 | Sewer    | Reached XP level 6. HP: 50/51 MP: 6/6
  4780 | Sewer    | Reached skill level 10 in Axes
  4780 | Sewer    | Reached XP level 7. HP: 57/57 MP: 7/7
  6176 | D:4      | Reached XP level 8. HP: 64/64 MP: 8/8
  6334 | D:4      | Found Gimor's Armour Shop.
  6343 | D:4      | Bought a +1 pair of boots of rampaging for 198 gold pieces
  6465 | D:4      | Found Anuklaal's Magic Scroll Emporium.
  6473 | D:4      | Bought a scroll of identify for 24 gold pieces
  6954 | D:5      | Entered Level 5 of the Dungeon
  7801 | D:5      | Found a staircase to the Ecumenical Temple.
  8096 | D:5      | Reached skill level 4 in Fighting
  8096 | D:5      | Reached skill level 1 in Throwing
  8127 | D:5      | Reached XP level 9. HP: 70/71 MP: 9/9
  8349 | D:4      | Bought a +0 pair of gloves for 54 gold pieces
  8464 | D:6      | Reached *** piety under Trog
  9141 | D:6      | Found a radiant altar of Vehumet.
  9147 | D:6      | Reached skill level 5 in Fighting
  9606 | D:6      | Found an iron altar of Okawaru.
  9910 | D:7      | Found a glowing silver altar of Zin.
  9910 | D:7      | Found a shimmering altar of Xom.
  9913 | D:7      | Noticed an angel
 10215 | D:7      | Reached skill level 6 in Fighting
 10633 | D:7      | Reached XP level 10. HP: 75/83 MP: 10/10
 10740 | D:7      | Reached skill level 5 in Armour
 11108 | D:8      | Found a transporter.
 11218 | D:8      | Found a sand-covered staircase.
 11226 | Ossuary  | Entered an ossuary
 11243 | Ossuary  | Reached **** piety under Trog
 11582 | D:8      | Found a hazy altar of Hepliaklqana.
 11592 | D:8      | Found a shimmering blue altar of Sif Muna.
 11601 | D:8      | Found a broken altar of Ashenzari.
 11616 | D:8      | Found a basalt altar of Yredelemnul.
 11723 | D:8      | Found a transporter.
 11850 | D:8      | Found a hide-covered altar of Uskayaw.
 12119 | D:8      | Reached skill level 15 in Axes
 12123 | D:8      | Reached skill level 7 in Fighting
 12884 | D:9      | Found a staircase to the Orcish Mines.
 12917 | D:9      | Reached ***** piety under Trog
 13223 | D:9      | Reached skill level 5 in Throwing
 13258 | D:9      | Reached skill level 5 in Dodging
 13258 | D:9      | Reached XP level 11. HP: 87/93 MP: 11/11
 14017 | D:4      | Bought a scroll of identify for 24 gold pieces
 14017 | D:4      | Bought a scroll of identify for 24 gold pieces
 14017 | D:4      | Bought a scroll of identify for 24 gold pieces
 14017 | D:4      | Bought a scroll of fear for 48 gold pieces
 14023 | D:4      | Bought a scroll of enchant armour for 90 gold pieces
 14023 | D:4      | Bought a scroll of teleportation for 36 gold pieces
 14169 | D:10     | Entered Level 10 of the Dungeon
 14169 | D:10     | Found the +4 skin of Zhor {*Englaciate rC+++ SInv}
 14171 | D:10     | Noticed Joseph
 14187 | D:10     | Killed Joseph
 14188 | D:10     | Reached skill level 8 in Fighting
 14557 | D:10     | Noticed a two-headed ogre
 14564 | D:10     | Killed a two-headed ogre
 14611 | D:10     | Noticed a two-headed ogre
 14619 | D:10     | Killed a two-headed ogre
 14884 | D:10     | Noticed a two-headed ogre
 14894 | D:10     | Killed a two-headed ogre
 15018 | D:10     | Noticed Urug
 15032 | D:10     | Killed Urug
 15033 | D:10     | Reached skill level 9 in Fighting
 15818 | D:11     | Noticed a death yak
 15819 | D:11     | Found a staircase to the Lair.
 15820 | D:11     | Noticed a death yak
 15820 | D:11     | Noticed a death yak
 15820 | D:11     | Noticed a death yak
 15820 | D:11     | Noticed a death yak
 15820 | D:11     | Noticed a death yak
 15820 | D:11     | Noticed a death yak
 15821 | D:11     | Noticed a boulder beetle
 15830 | D:11     | Killed a death yak
 15831 | D:11     | Reached XP level 12. HP: 93/105 MP: 12/12
 16120 | D:11     | Noticed a two-headed ogre
 16125 | D:11     | Killed a two-headed ogre
 16739 | D:11     | Killed a death yak
 16740 | D:11     | Reached skill level 10 in Fighting
 16741 | D:11     | Killed a death yak
 16742 | D:11     | Killed a death yak
 16744 | D:11     | Killed a death yak
 16746 | D:11     | Killed a death yak
 16748 | D:11     | Killed a death yak
 16851 | Lair:1   | Entered Level 1 of the Lair of Beasts
 17021 | Lair:1   | Noticed an eight-headed hydra
 17362 | D:11     | Killed a ten-headed hydra
 17992 | Lair:1   | Reached skill level 11 in Fighting
 18012 | Lair:1   | Reached skill level 1 in Evocations
 18520 | Lair:1   | Reached XP level 13. HP: 116/116 MP: 13/13
 18695 | Lair:1   | Identified the +5 war axe of a treasure trove {vorpal,
                  | rElec Will+}
 19315 | Lair:2   | Found a staircase to the Swamp.
 21611 | Lair:3   | Found a hole to the Spider Nest.
 21719 | Lair:3   | You fall into a shaft and drop 1 floor!
 21812 | Lair:4   | Found a viscous altar of Jiyva.
 21835 | Lair:4   | Reached skill level 12 in Fighting
 21978 | Lair:3   | Identified a scroll of acquirement
 21978 | Lair:3   | Acquired the +12 broad axe of the Hurtling Seeker
                  | {antimagic, rF+ rCorr}
 22565 | Lair:4   | Reached XP level 14. HP: 114/126 MP: 4/14
 22767 | Lair:4   | Found a staircase to the Slime Pits.
 22830 | Lair:5   | Entered Level 5 of the Lair of Beasts
 23058 | Lair:5   | Reached skill level 5 in Evocations
 23142 | Lair:5   | Noticed Nessos
 23162 | Lair:5   | Killed Nessos
 23569 | Lair:5   | Identified the +6 trident "Buusu" {speed, *Corrode rElec
                  | rC+++}
 23808 | Lair:5   | Reached skill level 10 in Armour
 23989 | Lair:5   | Reached skill level 1 in Shields
 24171 | Lair:5   | Reached skill level 13 in Fighting
 24923 | Orc:1    | Entered Level 1 of the Orcish Mines
 25013 | Orc:2    | Entered Level 2 of the Orcish Mines
 25029 | Orc:2    | Noticed Jorgrun
 25046 | Orc:2    | Killed Jorgrun
 25061 | Orc:2    | Found a gate leading to a gauntlet.
 25070 | Gauntlet | Entered a Gauntlet
 25070 | Gauntlet | Found a transporter.
 25070 | Gauntlet | Found a transporter.
 25203 | Gauntlet | Found a transporter.
 25206 | Gauntlet | Found a transporter.
 25216 | Gauntlet | Found a transporter.
 25282 | Gauntlet | Found a transporter.
 25294 | Gauntlet | Found a transporter.
 25308 | Gauntlet | Found a transporter.
 25320 | Gauntlet | Found a transporter.
 25333 | Gauntlet | Found a transporter.
 25339 | Gauntlet | Found a transporter.
 25360 | Gauntlet | Found a transporter.
 25409 | Gauntlet | Identified the +0 cloak "Fitecued" {Str+3 Int+4 Stlth+}
 25665 | Gauntlet | Identified the ring of Finality {+Blink rPois rCorr Str+4}
 25705 | Gauntlet | Identified the +3 ring mail "Suzygu Kips" {rC++}
 25705 | Gauntlet | Identified the amulet of Qyledog {+Blink Will+ Regen+}
 25876 | Orc:2    | Noticed Erolcha
 25883 | Orc:2    | Killed Erolcha
 25884 | Orc:2    | Noticed Nergalle
 25904 | Orc:2    | Reached XP level 15. HP: 105/136 MP: 5/15
 25906 | Orc:2    | Killed Nergalle
 25916 | Orc:2    | Found a roughly hewn altar of Beogh.
 25916 | Orc:2    | Noticed an orc warlord
 25921 | Orc:2    | Found Kaicoots's General Store.
 26338 | Orc:2    | Killed an orc warlord
 26490 | Orc:2    | Found a staircase to the Elven Halls.
 26770 | Orc:2    | Found Zuqus's Jewellery Boutique.
 26848 | Orc:2    | Found Byhoom's Antique Weapon Boutique.
 26863 | Orc:2    | Found Dabixket's Antique Armour Boutique.
 26870 | Orc:2    | Bought a glowing cloak for 247 gold pieces
 26870 | Orc:2    | Bought a runed helmet for 247 gold pieces
 27124 | Orc:1    | Found a shimmering blue altar of Sif Muna.
 27307 | Orc:1    | Received a gift from Trog
 28314 | D:13     | Reached skill level 5 in Shields
 28557 | D:13     | Found a shadowy altar of Dithmenos.
 28557 | D:13     | Found a shimmering altar of Xom.
 28560 | D:13     | Found a shadowy altar of Dithmenos.
 28560 | D:13     | Found an ancient bone altar of Kikubaaqudgha.
 28580 | D:13     | Reached skill level 14 in Fighting
 28595 | D:13     | Reached skill level 10 in Dodging
 29113 | D:14     | Received a gift from Trog
 29279 | D:14     | Noticed Josephine
 29296 | D:14     | Killed Josephine
 29329 | D:14     | Reached XP level 16. HP: 85/147 MP: 5/16
 29427 | D:14     | Identified the +11 dagger of Darkness {vorpal, Drain +Blink
                  | Stlth+}
 29900 | D:14     | Received a gift from Trog
 30073 | D:14     | Noticed Kirke
 30085 | D:14     | Killed Kirke
 30099 | D:14     | Identified the +2 robe of Grim Amelioration {Rampage rF+
                  | rN+ Str+4}
 30209 | D:14     | Found a gate to the Vaults.
 30214 | D:14     | Reached skill level 15 in Fighting
 30488 | D:15     | Entered Level 15 of the Dungeon
 30859 | D:15     | Noticed Rupert
 30870 | D:15     | Killed Rupert
 31298 | D:15     | Found the +3 salamander hide armour {Flames rF++ rC--}
 31516 | D:15     | Found a staircase to the Depths.
 31800 | Swamp:1  | Entered Level 1 of the Swamp
 32554 | Swamp:1  | Identified the +7 war axe of Disaster {antimagic, *Noise
                  | rC+++ rN+++} (Trog gifted it to you on level 1 of the
                  | Swamp)
 32554 | Swamp:1  | Received a gift from Trog
 32639 | Swamp:1  | Reached XP level 17. HP: 130/156 MP: 5/17
 33212 | Swamp:1  | You fall into a shaft and drop 1 floor!
 33218 | Swamp:2  | Reached skill level 10 in Evocations
 34910 | Swamp:2  | Reached skill level 16 in Fighting
 35315 | Swamp:3  | Reached skill level 10 in Shields
 35636 | Swamp:3  | Noticed Louise
 35660 | Swamp:3  | Killed Louise
 36141 | Swamp:4  | Entered Level 4 of the Swamp
 36280 | Swamp:3  | Reached ****** piety under Trog
 36403 | Swamp:3  | Received a gift from Trog
 36996 | Swamp:4  | Noticed Nikola
 37015 | Swamp:3  | Killed Nikola
 37619 | Swamp:4  | Noticed Bai Suzhen
 37741 | Swamp:4  | Killed Bai Suzhen
 37742 | Swamp:4  | Reached XP level 18. HP: 166/166 MP: 6/18
 38513 | Swamp:4  | Noticed the 27-headed Lernaean hydra
 38525 | Swamp:4  | Killed the 20-headed Lernaean hydra
 38560 | Swamp:4  | Got a decaying rune of Zot
 38906 | Spider:1 | Entered Level 1 of the Spider Nest
 39056 | Spider:1 | Identified the +5 kite shield "Xuifo" {rElec rPois rC+
                  | Will+ Regen+}
 39056 | Spider:1 | Noticed Asterion
 39305 | Spider:1 | Killed Asterion
 39306 | Spider:1 | Reached skill level 15 in Shields
 39515 | Spider:1 | You fall into a shaft and drop 1 floor!
 39546 | Spider:2 | Identified the +1 leather armour of Impermeability {rF+
                  | Slay+5}
 39612 | Spider:2 | Found a transporter.
 39792 | Spider:2 | Found a transporter.
 41020 | Spider:4 | Entered Level 4 of the Spider Nest
 41152 | Spider:4 | Reached XP level 19. HP: 148/174 MP: 6/19
 41232 | Spider:4 | Received a gift from Trog
 41962 | Spider:4 | Got a gossamer rune of Zot
 42225 | Vaults:1 | Entered Level 1 of the Vaults
 42437 | Vaults:1 | Received a gift from Trog
 42448 | Vaults:1 | Reached skill level 17 in Fighting
 42616 | Vaults:1 | Identified the +8 arbalest of Infinite Pain {flame, Str+8
                  | Stlth-}
 42821 | Vaults:1 | Found Paciw's Antique Armour Shop.
 43145 | Vaults:1 | Reached skill level 10 in Throwing
 43315 | Vaults:1 | Received a gift from Trog
 43779 | Vaults:2 | Found Egros's Weapon Emporium.
 43917 | Vaults:2 | Reached skill level 15 in Armour
 43939 | Vaults:2 | Reached XP level 20. HP: 168/184 MP: 6/20
 43984 | Vaults:2 | Found Nidadud's General Store.
 43986 | Vaults:2 | Noticed Boris
 43999 | Vaults:2 | Killed Boris
 44017 | Vaults:2 | Bought a potion of might for 60 gold pieces
 44218 | Vaults:2 | Received a gift from Trog
 44637 | Vaults:2 | Found Qacag's Book Boutique.
 44738 | Vaults:2 | Found Fufragio's Magic Scroll Shoppe.
 44977 | Vaults:1 | Bought glowing fire dragon scales for 2394 gold pieces
 45066 | Vaults:2 | Bought a scroll of enchant armour for 120 gold pieces
 45066 | Vaults:2 | Bought a scroll of fog for 64 gold pieces
 45066 | Vaults:2 | Bought a scroll of fog for 64 gold pieces
 45538 | Vaults:3 | Received a gift from Trog
 45892 | Vaults:3 | Reached skill level 18 in Fighting
 46749 | Vaults:3 | Identified the +7 broad axe "Qaos" {vorpal, Dex+2 Stlth+}
                  | (Trog gifted it to you on level 3 of the Vaults)
 46749 | Vaults:3 | Received a gift from Trog
 46752 | Vaults:3 | Reached XP level 21. HP: 162/194 MP: 7/21
 46864 | Vaults:3 | Found a staircase to the Crypt.
 47100 | Vaults:3 | Noticed Margery
 47121 | Vaults:3 | Killed Margery
 47350 | Vaults:3 | Received a gift from Trog
 48326 | Vaults:4 | Reached skill level 19 in Fighting
 48538 | Vaults:4 | Received a gift from Trog
 49060 | Elf:1    | Entered Level 1 of the Elven Halls
 49081 | Elf:1    | Reached XP level 22. HP: 205/205 MP: 7/22
 49552 | Elf:1    | Identified the +8 hand axe of Somewhere Else {flame, rF+
                  | rN+} (Trog gifted it to you on level 1 of the Elven Halls)
 49552 | Elf:1    | Received a gift from Trog
 49817 | Elf:1    | Identified the +3 long sword of Tension {speed, Fragile Fly
                  | Will+}
 50025 | Elf:2    | Found a magical portal.
 50051 | WizLab   | Entered Yara's Duelist Academy
 50144 | WizLab   | Noticed Ynnosiux
 50157 | WizLab   | Killed Ynnosiux the Head Instructor
 50384 | WizLab   | Received a gift from Trog
 50818 | Elf:2    | Found a runed translucent gate.
 50819 | Elf:2    | Found a runed translucent gate.
 50819 | Elf:2    | Found a runed translucent gate.
 51446 | Elf:3    | Entered Level 3 of the Elven Halls
 51455 | Elf:3    | Reached skill level 20 in Fighting
 51476 | Elf:3    | Received a gift from Trog
 51728 | Elf:3    | Reached XP level 23. HP: 215/215 MP: 7/23
 51918 | Elf:3    | Reached skill level 15 in Evocations
 51940 | Elf:3    | Identified the ring "Higuas" {rC+ MP+9 Slay+2}
 51951 | Elf:3    | Received a gift from Trog
 52391 | Elf:3    | Identified the +2 plate armour of Servitude {Regen+}
 52690 | Elf:3    | Acquired a manual of Dodging
 52953 | Depths:1 | Entered Level 1 of the Depths
 53601 | Depths:1 | Received a gift from Trog
 53660 | Depths:1 | Found a one-way gate to the infinite horrors of the Abyss.
 53732 | Depths:1 | Found Arhont's Antique Weapon Shoppe.
 53789 | Depths:1 | Reached skill level 21 in Fighting
 53929 | Depths:1 | Found the +8 mithril axe "Arga" {speed, Will+}
 53982 | Depths:1 | Found Ynoycusa's Antique Weapon Shoppe.
 53987 | Depths:1 | Found a gateway to Hell.
 54008 | Depths:1 | Found Caxaeluf's Magic Scroll Boutique.
 54015 | Depths:1 | Bought a scroll of blinking for 142 gold pieces
 54015 | Depths:1 | Bought a scroll of blinking for 142 gold pieces
 54285 | Depths:2 | Found a one-way gate leading to the halls of Pandemonium.
 55002 | Depths:2 | Reached skill level 15 in Dodging
 55029 | Depths:2 | Found a one-way gateway to a ziggurat.
 55043 | Depths:2 | Received a gift from Trog
 55452 | Depths:2 | Reached XP level 24. HP: 197/228 MP: 7/23
 56111 | Depths:3 | Received a gift from Trog
 56403 | Depths:3 | Noticed a juggernaut
 56409 | Depths:3 | Reached skill level 22 in Fighting
 56425 | Depths:3 | Killed a juggernaut
 56528 | Depths:3 | Identified the +6 hand axe "Maecomos" {vorpal, rPois}
 56701 | Depths:3 | Found a blossoming altar of Fedhas.
 56717 | Depths:3 | Found a bloodstained altar of Trog.
 56858 | Depths:4 | Entered Level 4 of the Depths
 56871 | Depths:4 | Found a runed translucent gate.
 56871 | Depths:4 | Found a runed translucent gate.
 56872 | Depths:4 | Found a runed translucent gate.
 56873 | Depths:4 | Noticed Zidoge's ghost (adept TrMo)
 57276 | Depths:4 | Found a gate to the Realm of Zot.
 57667 | Depths:4 | Noticed the Enchantress
 57691 | Depths:4 | Killed the Enchantress
 57701 | Depths:4 | Found a shadowy altar of Dithmenos.
 57714 | Depths:4 | Received a gift from Trog
 58437 | Depths:3 | Gained mutation: Armour fits poorly on your strangely
                  | shaped body. [mutagenic glow]
 58447 | Depths:3 | Gained mutation: You are dopey. (Int -2) [mutagenic glow]
 58461 | Depths:3 | Gained mutation: You sometimes lose your temper in combat.
                  | [mutagenic glow]
 58507 | Depths:3 | Lost mutation: You are dopey. (Int -2) [potion of mutation]
 58507 | Depths:3 | Lost mutation: You sometimes lose your temper in combat.
                  | [potion of mutation]
 58507 | Depths:3 | Lost mutation: Armour fits poorly on your strangely shaped
                  | body. [potion of mutation]
 58507 | Depths:3 | Gained mutation: You are robust. (+10% HP) [potion of
                  | mutation]
 58643 | Depths:4 | Reached XP level 25. HP: 168/233 MP: 7/23
 58661 | Depths:4 | Killed Zidoge's ghost
 58736 | Depths:4 | Identified the +0 cloak of Generosity {Str+3}
 58987 | Vaults:2 | Bought 5 silver javelins for 216 gold pieces
 59105 | Vaults:5 | Entered Level 5 of the Vaults
 59184 | Vaults:5 | Reached skill level 23 in Fighting
 59195 | Vaults:5 | Noticed Boris
 59208 | Vaults:5 | Killed Boris
 59297 | Vaults:5 | Identified the +6 whip "Awuetep" {vorpal, *Slow rC+ rN++}
 59340 | Vaults:5 | Identified the +4 war axe of Nyrafiuw {antimagic, rPois rC-
                  | rN+} (Trog gifted it to you on level 5 of the Vaults)
 59340 | Vaults:5 | Received a gift from Trog
 59685 | Vaults:5 | Identified the +8 mace of Ymob {drain, rElec rC+ Str-2
                  | Int+2}
 59713 | Vaults:5 | Identified the ring of Past Mistakes {rElec rF+ Str+4
                  | Dex+6}
 60007 | Vaults:5 | Received a gift from Trog
 60424 | Vaults:5 | Got a silver rune of Zot
 60950 | Vaults:5 | Identified the +0 cloak of Zezitum {rC++}
 60972 | Vaults:5 | Identified the +10 spear of Desertification {venom, rCorr}
 61276 | Zot:1    | Entered Level 1 of the Realm of Zot
 61616 | Zot:1    | Reached skill level 15 in Throwing
 61662 | Zot:1    | Received a gift from Trog
 62017 | Zot:1    | Reached skill level 24 in Fighting
 62023 | Zot:1    | Reached XP level 26. HP: 206/279 MP: 7/23
 62980 | Zot:2    | Found the +4 dragonskin cloak
 62980 | Zot:2    | Noticed Tiamat
 63383 | Zot:2    | Identified the +5 broad axe of Trauma {vorpal, rC+ rN+
                  | Will+ Str+3} (Trog gifted it to you on level 2 of the Realm
                  | of Zot)
 63383 | Zot:2    | Received a gift from Trog
 63973 | Zot:2    | Killed Tiamat
 64108 | Zot:2    | Identified the +3 spear of Tomorrow {flame, Stlth+}
 66501 | Zot:4    | Reached skill level 25 in Fighting
 67248 | Zot:4    | Identified the +0 cloak of Discretion {Rampage rPois rN++}
 67256 | Zot:4    | Found a transporter.
 67256 | Zot:4    | Identified the +2 cloak "Laaverej" {Int+2 Dex+3}
 67256 | Zot:4    | Noticed Iraujus's ghost (legendary DsFi)
 67260 | Zot:4    | Found a bloodstained altar of Trog.
 67276 | Zot:4    | Found a transporter.
 67297 | Zot:4    | Identified the +11 flail "Galeufuq" {drain, rN+}
 67362 | Zot:4    | Reached XP level 27. HP: 238/292 MP: 7/23
 67488 | Zot:4    | Received a gift from Trog
 68069 | Zot:5    | Entered Level 5 of the Realm of Zot
 68976 | Zot:5    | Noticed an orb of fire
 68979 | Zot:5    | Noticed an orb of fire
 68991 | Zot:5    | Killed an orb of fire
 68996 | Zot:5    | Killed an orb of fire
 69059 | Zot:5    | Noticed a dread lich
 69059 | Zot:5    | Noticed an ancient lich
 69059 | Zot:5    | Noticed an orb of fire
 69081 | Zot:5    | Killed a dread lich
 69086 | Zot:5    | Killed an orb of fire
 69091 | Zot:5    | Killed an ancient lich
 69092 | Zot:5    | Reached skill level 26 in Fighting
 69114 | Zot:5    | Noticed a dread lich
 69122 | Zot:5    | Killed a dread lich
 69122 | Zot:5    | Noticed an ancient lich
 69132 | Zot:5    | Killed an ancient lich
 69690 | Zot:5    | Received a gift from Trog
 70119 | Zot:5    | Got the Orb of Zot
 70347 | Depths:3 | Noticed Boris
 70718 | D:$      | Escaped with the Orb!

Illustrated notes

Levels and vault maps discovered:
D:1:      minmay_arrival_three_doors, layout_loops_corners,
          chequers_ecumenical_altar_island
D:2:      minmay_skewed_foursquare, layout_basic, minmay_divided_ellipse
D:3:      layout_basic, portal_sewer_entry_d, minmay_misc_feat_secret_circle
D:4:      layout_cave_pools, serial_shops, shop, nicolae_shop_stone
D:5:      layout_basic, minmay_temple_entry_waves
D:6:      layout_loops_cross, nicolae_vehumet_altar_sigil, kennysheep_little_box
D:7:      layout_rooms, grunt_temple_overflow_order_and_chaos_1
D:8:      gammafunk_cloud_chamber, layout_basic, nicolae_overflow_crystal_walls,
          nicolae_overflow_quartered_altars, chequers_ossuary_entry_cave
D:9:      layout_roguey, hiddenorc2_lemuel
D:10:     layout_loops_cross, chequers_arboretum, hellmonk_guarded_unrand_zhor,
          uniq_joseph, uniq_urug
D:11:     layout_basic, dpeg_lair_monsters
D:12:     layout_cave_pools
D:13:     minmay_the_grid_octo_triangle [minmay_the_grid_octo_shrine,
          minmay_the_grid_octo_prize_square_snowflake,
          minmay_the_grid_octo_empty], layout_cave_pools, item_on_display_a
D:14:     minmay_heptahexagon, layout_small_grid,
          skrybe_vaults_entry_preservation, chequers_serial_rivers_room_a,
          minmay_between, uniq_josephine, uniq_kirke
D:15:     grunt_enter_depths_magical_seal, layout_cave_pools, special_room
          [special_room_mythical_zoo], hellmonk_guarded_unrand_salamander,
          uniq_rupert
Lair:1:   layout_small_grid, nicolae_quartered_pool_super, grunt_megastairs_1
Lair:2:   layout_layer_cave, nicolae_swamp_entry_splash_gauntlet
Lair:3:   layout_misc_corridors, spider_nest_entry_webs,
          infiniplex_staircase_pool
Lair:4:   layout_loops_ring, minmay_slime_entry_oklob_open
Lair:5:   gammafunk_lair_ancient_temple, layout_cellular_growth,
          minmay_lair_oklob_items, uniq_nessos
Swamp:1:  layout_basic_swamp, hangedman_swamp_ruin_wall, swamp_pool2,
          nicolae_swamp_triple_paths, nicolae_swamp_bloodsuckers_inc
Swamp:2:  layout_basic_swamp, hangedman_swamp_blocks, swamp_pool3,
          nicolae_swamp_super_fun_site
Swamp:3:  layout_basic_swamp, evilmike_swamp_ruin_rubble_1,
          beargit_elvish_explorers, uniq_louise
Swamp:4:  grunt_swamp_rune_castle, layout_basic_swamp, uniq_nikola,
          uniq_bai_suzhen
Spider:1: layout_spider_delve, uniq_asterion
Spider:2: gammafunk_sealed_arena
Spider:3: layout_spider_delve, nicolae_spider_cling_halls
Spider:4: spider_rune_water
Orc:1:    layout_caves, led_sif_book
Orc:2:    grunt_orc_cross, layout_diamond_mine, gauntlet_entry_generic,
          uniq_jorgrun, uniq_erolcha
Elf:1:    elf_arrival_002, layout_loops_cross,
          hangedman_elven_crosses_minicolossus
Elf:2:    nicolae_elf_blades_crystal_corner, layout_loops_ring,
          infiniplex_enter_wizlab_water
Elf:3:    minmay_elf_hall_not_hex, layout_rooms
Vaults:1: nicolae_vaults_circle_grid_b, ontoclasm_vaults_tryst,
          vaults_room_fours, nicolae_vaults_inception_statues,
          nicolae_vaults_network_s, nicolae_vaults_display_case,
          nicolae_vaults_network_square, nicolae_vaults_network_star,
          hangedman_vaults_maws, vaults_room_octagon,
          nicolae_vaults_yaktaur_gun_rack, v_misc_22,
          vaults_room_stairs_pillars, ontoclasm_vaults_loading_screen,
          nicolae_vaults_theta, layout_vaults_omnibox, serial_shops,
          nicolae_shop_stone
Vaults:2: grunt_vaults_trifunnel, grunt_vaults_focal, v_pattern_3,
          nicolae_vaults_windows_and_doors_thing, ontoclasm_vaults_fire_temple,
          hangedman_vaults_trim, v_alt_pattern_6, vaults_dpeg_doors, v_misc_22,
          vaults_room_semicircle, layout_vaults_chaotic_city, serial_shops,
          shop_statue, shop, shop, nicolae_shop_crystal, uniq_boris
Vaults:3: nicolae_vaults_alarming, dpeg_vaults_pockets_of_resistance,
          blue_anna_dwarven_crypt, v_misc_11, hangedman_vaults_slither,
          vaults_dpeg_spiral, hangedman_vaults_corner_blocks, v_misc_27,
          v_alt_pattern_5, nicolae_vaults_little_ls, vaults_dpeg_encased_lava,
          vaults_room_hallway, vaults_room_grid, hangedman_vaults_variations,
          layout_vaults_maze, uniq_margery
Vaults:4: hangedman_vaults_restitches, v_rooms_3, nicolae_vaults_minivaults,
          v_pattern_4, vaults_dpeg_hooks, vaults_dpeg_cross, v_misc_4,
          v_misc_11, vaults_room_octagon, nicolae_vaults_little_squares_6,
          hangedman_vaults_snaps, ontoclasm_vaults_loading_screen,
          ontoclasm_vaults_fault, layout_vaults_omnicross
Vaults:5: serial_shops
Depths:1: layout_cave_pools, hell_entry, hangedman_abyss_entry_splay,
          serial_shops, nicolae_diamond_shop, shop, nicolae_inconvenience_store,
          laboratory
Depths:2: nicolae_cairo_tiling_large, layout_honeycomb, enter_ziggurat_c,
          hell_entry, solitary_fountain, pan_entry
Depths:3: minmay_nested_s, layout_cave_shapes, abyss_entry, bloody_trog,
          grunt_mini_vestibule, fedhas_altar_2, infiniplex_staircase_pool_2
Depths:4: grunt_x_marks_the_spot, layout_gridlike, pf_coc_iceberg,
          nicolae_dithmenos_the_darkroom, gammafunk_ghost_tricky_traps,
          uniq_enchantress
Zot:1:    layout_twisted_circle
Zot:2:    layout_cathedral_of_symmetry, st_grand_hoard_of_tiamat
Zot:3:    layout_concentric_octagons
Zot:4:    cheibrodos_zot_enchanting_chambers, layout_misc_corridors,
          gammafunk_ghost_wrathful_warriors
Zot:5:    layout_basic

Skill      XL: |  1  2  3  4  5  6  7  8  9 10 11 12 13 14 15 16 17 18 19 20 21 22 23 24 25 26 27 |
---------------+----------------------------------------------------------------------------------+-----
Axes           | 5 6 7 9 10 12 14 15 16 17 19 20 | 20.0
Fighting       | 4 6 7 9 11 12 13 14 15 16 17 18 19 20 21 22 24 25 26 | 26.7
Throwing       | 1 3 5 6 7 8 9 10 11 12 13 14 15 16 | 16.6
Dodging        | 2 3 5 6 7 8 9 10 11 12 13 14 15 16 17 18 19 | 19.0
Armour         | 3 4 6 7 9 10 11 13 14 15 16 17 18 19 20 21 | 21.2
Evocations     | 1 4 6 8 9 10 11 12 13 14 15 16 17 18 | 18.6
Shields        | 3 6 8 12 15 16 17 18 19 20 21 22 | 22.0

Action                   |  1- 3 |  4- 6 |  7- 9 | 10-12 | 13-15 | 16-18 | 19-21 | 22-24 | 25-27 || total
-------------------------+-------+-------+-------+-------+-------+-------+-------+-------+-------++-------
Melee: Hand axe          |   114 |   202 |   288 |       |       |       |       |       |       ||   604
       War axe           |       |       |   194 |   160 |   207 |       |       |    14 |       ||   575
       Battleaxe         |       |       |       |   341 |    26 |       |       |       |       ||   367
       Morningstar       |       |       |       |     5 |    32 |       |       |       |       ||    37
       Broad axe         |       |       |       |       |   575 |  1130 |  1239 |  1453 |  1843 ||  6240
Throw: Javelin           |       |     8 |    11 |       |    39 |    30 |     4 |    55 |    12 ||   159
       Dart              |       |       |       |       |     1 |     2 |       |     4 |       ||     7
       Boomerang         |       |       |       |       |       |    29 |       |    71 |       ||   100
Invok: Berserk           |     3 |     5 |    10 |    13 |    13 |    12 |     3 |     6 |     4 ||    69
       Trog's Hand       |       |       |     1 |     5 |     8 |     5 |     7 |     8 |    11 ||    45
       Brothers in Arms  |       |       |       |     2 |     3 |     4 |     5 |     4 |     9 ||    27
Evoke: Wand              |       |       |       |       |     6 |     1 |     1 |     1 |     8 ||    17
       Condenser vane    |       |       |       |       |       |       |     2 |     2 |     1 ||     5
       Lightning rod     |       |       |       |       |       |       |     4 |       |     2 ||     6
       Box of beasts     |       |       |       |       |       |       |     1 |       |       ||     1
       Phantom mirror    |       |       |       |       |       |       |       |       |     2 ||     2
  Use: Scroll            |       |     9 |     9 |    18 |     9 |     6 |     6 |     7 |    14 ||    78
       Potion            |       |       |     1 |     1 |     3 |     2 |     1 |     3 |    12 ||    23
 Stab: Sleeping          |       |     1 |       |       |       |       |       |       |       ||     1
       Distracted        |       |       |       |       |       |     1 |     2 |     1 |     4 ||     8
Armor: Animal skin       |    21 |     7 |       |    19 |       |       |       |       |       ||    47
       Leather armour    |       |    25 |       |       |       |       |       |       |       ||    25
       Scale mail        |       |     1 |       |       |       |       |       |       |       ||     1
       Plate armour      |       |    39 |   220 |   362 |   487 |   772 |   237 |       |       ||  2117
       Fire dragon scale |       |       |       |       |       |       |   169 |   386 |   732 ||  1287
Dodge: Dodged            |    66 |    65 |    94 |   242 |   317 |   481 |   374 |   527 |   941 ||  3107
Block: Buckler           |       |    21 |    53 |    30 |   175 |   128 |       |       |       ||   407
       Tower shield      |       |       |       |       |       |   314 |       |       |       ||   314
       Kite shield       |       |       |       |       |       |   425 |   953 |  1089 |  1601 ||  4068
